 Dungeon Crawl Stone Soup version 0.32-a0-7-ge934b4519a (webtiles) character file.

Game seed: 18233664930848719515

184 Xavori the Trooper (level 5, -10/40 HPs)
             Began as a Djinni Chaos Knight on Jan 13, 2024.
             Was a Plaything of Xom.
             Mangled by an iguana (13 damage)
             ... on level 4 of the Dungeon.
             The game lasted 00:02:52 (11045 turns).

Xavori the Trooper (Djinni Chaos Knight)           Turns: 11045, Time: 00:02:53

Health: -10/40     AC:  5    Str: 10    XL:     5   Next: 95%
Gold:   129        EV: 11    Int: 19    God:    Xom [.*....] SH:  3 Dex: 12

rFire   + + +        a - +0 falchion (chaos)
rCold   x . .        r - +0 buckler
rNeg    . . .        b - +2 leather armour
rPois   ∞            (helmet restricted)
rElec   .            i - scarf {+Inv}
rCorr   .            (no gloves)
SInv    .            (boots unavailable)
Will    .....        (no amulet)
Stlth   +            (no ring)
HPRegen 0.26/turn    (no ring)
MPRegen 0.00/turn

%: infuse magic (-11 HP)
@: on fire, attractive, flying, glowing
A: sickness immunity, fire resistance 3, cold vulnerability 1, float, innate
caster, HP casting, extra vitality 1, beak, clever 1, mutation resistance 1
a: Renounce Religion, Evoke Invisibility


You were on level 4 of the Dungeon.
You worshipped Xom.
You were a plaything of Xom.
You visited 1 branch of the dungeon, and saw 4 of its levels.

You collected 129 gold pieces.

Inventory:

Hand Weapons
 a - a +0 falchion of chaos (weapon)
Armour
 b - a +2 leather armour (worn)
 i - a scarf of invisibility (worn)
 r - a +0 buckler (worn)
Scrolls
 c - 2 scrolls of butterflies
 e - a scroll of enchant weapon {unknown}
 k - a scroll of revelation {unknown}
 l - 2 scrolls of vulnerability
 m - a scroll of immolation
 n - a scroll of fog
 p - a scroll of amnesia
Potions
 d - a potion of attraction
 f - a potion of cancellation {unknown}
 j - a potion of heal wounds {unknown}
 o - a potion of curing {unknown}
 q - a potion of lignification {unknown}


   Skills:
 + Level 3.6 Fighting
 + Level 3.2 Long Blades
 + Level 2.1 Armour
 + Level 3.1 Dodging
 * Level 1.8 Spellcasting
 * Level 1.8 Conjurations
 * Level 1.8 Hexes
   Level 0.0 Charms
 * Level 1.8 Summonings
 * Level 1.8 Necromancy
 * Level 1.8 Translocations
   Level 0.0 Transmutations
 * Level 1.8 Fire Magic
 * Level 1.8 Ice Magic
 * Level 1.8 Air Magic
 * Level 1.8 Earth Magic
 * Level 1.8 Alchemy
 + Level 1.3 Evocations


You knew the following spells:

 Your Spells              Type           Power      Damage    Failure   Level
a - Foxfire               Conj/Fire      32%        2x1d5     17%         1
b - Momentum Strike       Conj/Tloc      16%        3d8       26%         2
Your spell library was empty.

Dungeon Overview and Level Annotations

Branches:
Dungeon (4/15)
 Temple: D:4-7

Altars:
Gozag
Makhleb
Xom
Yredelemnul


Innate Abilities, Weirdness & Mutations

You are immune to sickness and miasma.
You are immune to poison.
Your flesh is almost immune to the effects of heat. (rF+++)
You are vulnerable to cold. (rC-)
You float through the air rather than walking.
You learn spells naturally, not from books.
Your magical power is your life essence.
You have superior vitality. (+4 MHP)
You have a beak for a mouth.
Your mind is acute. (Int +4, Str/Dex -1)
You are somewhat resistant to further mutation.


Message History

You are even more covered in liquid fire!
You hit the bombardier beetle but do no damage.
The bombardier beetle is poisoned.
Your peck misses the bombardier beetle.
The bombardier beetle is heavily wounded.
The liquid fire burns you! The bombardier beetle misses you.
You hit the bombardier beetle. You burn the bombardier beetle.
You peck the bombardier beetle, but do no damage.
The bombardier beetle is almost dead.
The liquid fire burns you!
You kill the bombardier beetle!
The bat hits you.
Unknown command.
You barely miss the iguana. The liquid fire burns you! The iguana bites you!
You hit the iguana but do no damage. The liquid fire burns you!
The iguana closely misses you.
You hit the iguana.
The iguana is lightly wounded.
The liquid fire burns you! The iguana bites you.
* * * LOW HITPOINT WARNING * * *
You barely miss the iguana.
The iguana is lightly wounded.
The liquid fire burns you! The iguana bites you.
* * * LOW HITPOINT WARNING * * *
You block the iguana's attack.
Unknown command.
You aren't carrying any items that you can evoke.
Unknown command.
It was a potion of attraction.
You feel attractive to monsters.
Xom roars with laughter!
The liquid fire burns you! The iguana bites you!
You die...
Xom cackles wildly!

##...#### .### ..
#..#....# ... ..
#.##.†..#####..#.###
#.##............$...
...
#.##.<..###..)......
....####.#########...#
#......# #..#.#
####...### ####.##.#
#.#...###.@lb# .#
#..###...#.#### ## #.#
###......# ..
#.....####.....
......##### .... #####
... .# #


You could see an iguana and a bat.

Vanquished Creatures
  A howler monkey (D:3)
  A bombardier beetle (D:4)
  A gnoll (D:1)
  3 adders
  3 ribbon worms
  An orc (D:3)
  6 ball pythons
  5 endoplasms
  6 giant cockroaches
  2 goblins (D:1)
  6 hobgoblins
  2 quokkas (D:2)
  5 bats
  2 frilled lizards
  6 kobolds
  7 rats
57 creatures vanquished.

Vanquished Creatures (collateral kills)
  An adder (D:2)
1 creature vanquished.

Grand Total: 58 creatures vanquished

Notes
Turn   | Place    | Note
-------+----------+-------------------------------------------
     0 | D:1      | Xavori the Djinni Chaos Knight began the quest for the Orb.
     0 | D:1      | Reached XP level 1. HP: 20/20 MP: 0/0
    23 | D:1      | XOM: divination: magic mapping
    69 | D:1      | XOM: silly message
   107 | D:1      | Reached XP level 2. HP: 7/25 MP: 0/0
   357 | D:1      | Reached XP level 3. HP: 21/30 MP: 0/0
   357 | D:1      | Learned a level 1 spell: Foxfire
   361 | D:1      | Reached skill level 1 in Spellcasting
   361 | D:1      | Reached skill level 1 in Conjurations
   361 | D:1      | Reached skill level 1 in Hexes
   361 | D:1      | Reached skill level 1 in Summonings
   361 | D:1      | Reached skill level 1 in Necromancy
   361 | D:1      | Reached skill level 1 in Translocations
   361 | D:1      | Reached skill level 1 in Fire Magic
   361 | D:1      | Reached skill level 1 in Ice Magic
   361 | D:1      | Reached skill level 1 in Air Magic
   361 | D:1      | Reached skill level 1 in Earth Magic
   361 | D:1      | Reached skill level 1 in Alchemy
   559 | D:1      | XOM: divination: detect items
   785 | D:1      | XOM: silly message
  1469 | D:1      | XOM: summons 1 hostile shadow creature
  1635 | D:1      | XOM: give mutations
  1635 | D:1      | Gained mutation: Your mind is acute. (Int +4, Str/Dex -1)
                  | [Xom's grace]
  1635 | D:1      | Gained mutation: You are somewhat resistant to further
                  | mutation. [Xom's grace]
  1635 | D:1      | Gained mutation: Your flesh is almost immune to the effects
                  | of heat. (rF+++) [Xom's grace]
  1635 | D:1      | Gained mutation: You have a beak for a mouth. [Xom's grace]
  2958 | D:1      | XOM: noise
  3065 | D:1      | XOM: noise
  3384 | D:1      | XOM: silly message
  3698 | D:1      | XOM: silly message
  3749 | D:1      | XOM is BORED!
  3900 | D:1      | XOM: silly message
  4179 | D:1      | XOM: summons 2 hostile demons
  4260 | D:2      | XOM: summons 2 hostile demons
  4261 | D:2      | Noticed an ice devil
  4261 | D:2      | XOM: butterfly on damage
  4376 | D:1      | XOM: silly message
  5069 | D:1      | XOM: draining
  5226 | D:1      | XOM: torment (14/25 hp)
  5436 | D:1      | XOM: summons 2 hostile demons
  5437 | D:1      | Noticed a chaos spawn
  6122 | D:1      | XOM: silly message
  6480 | D:1      | XOM: silly message
  6643 | D:1      | XOM is BORED!
  7104 | D:1      | XOM: silly message
  8204 | D:1      | XOM is BORED!
  8341 | D:1      | XOM: divination: magic mapping
  8700 | D:1      | XOM: divination: detect items
  9407 | D:2      | XOM: noise
  9411 | D:2      | Found a basalt altar of Yredelemnul.
  9516 | D:2      | Reached XP level 4. HP: 30/31 MP: 0/0
  9524 | D:2      | XOM: silly message
  9869 | D:2      | XOM: 2-stop teleportation journey
 10167 | D:3      | Found a faded altar of an unknown god.
 10181 | D:3      | XOM: 4-stop teleportation journey
 10185 | D:3      | XOM: summons 3 hostile demons
 10344 | D:3      | Reached XP level 5. HP: 39/39 MP: 0/0
 10344 | D:3      | Learned a level 2 spell: Momentum Strike
 10490 | D:3      | XOM: cast spell 'Summon Mana Viper'
 10496 | D:3      | Reached skill level 1 in Evocations
 10544 | D:3      | Found a burning altar of Makhleb.
 10547 | D:3      | Found an opulent altar of Gozag.
 10547 | D:3      | Found a shimmering altar of Xom.
 10815 | D:3      | XOM: noise
 11021 | D:4      | Noticed a centaur
 11026 | D:4      | a centaur changed into a bat
 11026 | D:4      | XOM: polymorph centaur -> bat
 11045 | D:4      | Mangled by an iguana

Illustrated notes

Levels and vault maps discovered:
D:1:      lightli_arrival_maybe_door_vault, layout_rooms
D:2:      layout_basic, basic_altar
D:3:      layout_loops_ring, grunt_temple_overflow_open, basic_ecumenical_altar,
          kennysheep_generic_room_8
D:4:      layout_rooms, moated_statue

Skill      XL: |  1  2  3  4  5 |
---------------+----------------+-----
Spellcasting   | 1 |  1.8
Conjurations   | 1 |  1.8
Hexes          | 1 |  1.8
Summonings     | 1 |  1.8
Necromancy     | 1 |  1.8
Translocations | 1 |  1.8
Fire Magic     | 1 |  1.8
Ice Magic      | 1 |  1.8
Air Magic      | 1 |  1.8
Earth Magic    | 1 |  1.8
Alchemy        | 1 |  1.8
Long Blades    | 3 |  3.2
Armour         | 2 |  2.1
Dodging        | 3 |  3.1
Evocations     | 1 |  1.3
Fighting       | |  3.6

Action                     |  1- 3 |  4- 6 || total
---------------------------+-------+-------++-------
  Melee: Falchion          |   101 |   109 ||   210
         Peck              |     2 |    24 ||    26
    Use: Scroll            |       |     5 ||     5
         Potion            |       |     1 ||     1
   Stab: Sleeping          |       |     1 ||     1
 Armour: Leather armour    |    71 |    67 ||   138
  Dodge: Dodged            |    72 |    63 ||   135
  Block: Buckler           |       |     5 ||     5

Table legend: (Time is in decaauts)
 A = Elapsed time spent in this place.
 B = Non-inter-level travel time spent in this place.
 C = Inter-level travel time spent in this place.
 D = Time resting spent in this place.
 E = Time spent auto-exploring this place.
 F = Levels seen in this place.
 G = Mean time per level.
                   A        B        C        D        E       F      G
               +--------+--------+--------+--------+--------+-----+--------+
         Total |  11084 |  11015 |     69 |   8960 |   1543 |   4 | 2771.0 |
       Dungeon |  11084 |  11015 |     69 |   8960 |   1543 |   4 | 2771.0 |
               +--------+--------+--------+--------+--------+-----+--------+

Top non-repeatable levels by time:
     D:1: 9168 daAuts
     D:2: 987 daAuts
     D:3: 870 daAuts
     D:4: 57 daAuts
